 Dungeon Crawl Stone Soup version 0.29.0-4-gdea44cf6ec (webtiles) character file.

Game seed: 5263594167086979815

1087 qw the Cleaver (level 8, -3/48 HPs)
             Began as a Tengu Warper on Aug 28, 2022.
             Was a Follower of Okawaru.
             Slain by a gnoll sergeant
             ... wielding a +5 spear of freezing
              (6 damage)
             ... on level 6 of the Dungeon.
             The game lasted 00:00:31 (6046 turns).

qw the Cleaver (Tengu Warper)                       Turns: 6046, Time: 00:00:32

Health: -3/48      AC: 17    Str: 14    XL:     8   Next: 30%
Magic:  10/12      EV:  7    Int: 13    God:    Okawaru [*.....]
Gold:   384        SH:  6    Dex: 14    Spells: 11/11 levels left

rFire   + . .      SeeInvis .   Y - +1 hand axe
rCold   . . .      Faith    .   b - +0 buckler
rNeg    . . .      Spirit   .   m - +2 plate armour
rPois   .          Reflect  .   n - +2 hat
rElec   .          Harm     .   (no cloak)
rCorr   +          Rampage  .   (no gloves)
Will    .....                   (boots unavailable)
Stlth   ..........              (no amulet)
HPRegen 0.16/turn               l - ring of protection from fire
MPRegen 0.13/turn               f - ring of resist corrosion

@: lethally poisoned (-3 -> -5), heroic, flying quickly and evasively, quick
A: beak, talons 3, nimble flight
a: Renounce Religion, Heroism


You were on level 6 of the Dungeon.
You worshipped Okawaru.
Okawaru was aware of your devotion.
You visited 1 branch of the dungeon, and saw 6 of its levels.
You also visited: Sewer.

You collected 384 gold pieces.


Innate Abilities, Weirdness & Mutations

You have a beak for a mouth.
You have claws for feet.
Your magical nature lets you fly swiftly and evasively.


   Skills:
 - Level 3.6(8.6) Fighting
 + Level 8.3(13.3) Axes
 - Level 1.0(6.0) Throwing
 - Level 3.0(8.0) Armour
 - Level 2.1(7.1) Dodging
 - Level 2.7(7.7) Shields
 - Level 2.0 Spellcasting
 - Level 2.4 Translocations
 + Level 2.5 Invocations


You had 11 spell levels left.
You didn't know any spells.
Your spell library contained the following spells:

 Spells                   Type           Power      Damage    Failure   Level
 Blink                    Tloc           14%        N/A       100%        2
 Gell's Gravitas          Tloc           7%         N/A       100%        3
 Lesser Beckoning         Tloc           7%         N/A       100%        3
 Teleport Other           Tloc           7%         N/A       100%        3
 Manifold Assault         Tloc           7%         N/A       100%        5

Inventory:

Hand Weapons
 d - a +0 whip
 Y - a +1 hand axe (weapon)
Armour
 b - a +0 buckler (worn)
 m - a +2 plate armour (worn)
 n - a +2 hat (worn)
Jewellery
 f - a ring of resist corrosion (right hand)
 l - a ring of protection from fire (left hand)
Scrolls
 h - 7 scrolls of identify
Potions
 e - 2 potions of curing
 g - 3 potions of might
 i - a potion of heal wounds
 j - a potion of magic

Dungeon Overview and Level Annotations

Branches:
Dungeon (6/15)              Sewer (visited)
 Temple: D:4-7

Altars:
Cheibriados
Okawaru


Message History

You barely miss the gnoll. You closely miss the gnoll sergeant.
You feel sick.
6040 ||| DRINKING 2 potions of heal wounds.
You feel much better.
You feel sick. You block the gnoll's attack.
The gnoll sergeant barely misses you. The jelly hits you but does no damage.
You slash the jelly!
Your hands burn!
The jelly is severely wounded.
You hit the gnoll but do no damage.
You hit the gnoll sergeant but do no damage.
You feel like a meek peon again.
You feel sick. The jelly hits you but does no damage.
The gnoll sergeant hits you with a +5 spear of freezing.
The gnoll sergeant freezes you. You block the gnoll's attack.
6042 ||| INVOKING Heroism.
You fail to use your ability.
You feel sick. The gnoll hits you but does no damage.
You block the gnoll sergeant's attack. You block the jelly's attack.
6043 ||| INVOKING Heroism.
You gain the combat prowess of a mighty hero.
You feel sick. You block the gnoll's attack. The jelly barely misses you.
The gnoll sergeant hits you with a +5 spear of freezing.
The gnoll sergeant freezes you.
You slash the jelly!
You kill the jelly!
Okawaru accepts your kill.
You hit the gnoll. You slash the gnoll sergeant!
You feel sick. The gnoll sergeant barely misses you.
The gnoll hits you but does no damage.
You barely miss the gnoll sergeant. Your kick misses the gnoll sergeant.
The gnoll sergeant is moderately wounded.
You hit the gnoll.
You feel sick.
You hit the gnoll sergeant. Your kick misses the gnoll sergeant.
You peck the gnoll sergeant, but do no damage.
The gnoll sergeant is heavily wounded.
You hit the gnoll but do no damage. The gnoll hits you with a +0 spear.
The gnoll sergeant hits you with a +5 spear of freezing!
The gnoll sergeant freezes you.
You die...

#..###
#########.####
##.....##.....##
##......:%......##
##................#
..................#
#.................#
#.....).).!......#
#.....@..........#
#.....gg........>#
##..............##
...#.....##.....##
## #..#... .#####
..######.. #.. ..
###


You could see a gnoll sergeant and a gnoll.

Vanquished Creatures
  Sigmund (D:2)
  A water moccasin (Sewer)
  An ice beast (D:5)
  A black bear (D:5)
  An ogre (D:5)
  A phantom (D:6)
  2 scorpions
  A jelly (D:6)
  2 hounds (D:5)
  Ijyb (D:5)
  2 iguanas
  4 gnolls (D:6)
  8 adders
  A white imp (D:5)
  3 worms
  2 dart slugs
  6 endoplasms
  7 giant cockroaches
  4 goblins
  8 hobgoblins
  4 jackals
  5 quokkas
  10 ball pythons
  2 bats (D:2)
  7 frilled lizards
  7 kobolds
  A rat (D:4)
93 creatures vanquished.

Notes
Turn   | Place    | Note
-------+----------+-------------------------------------------
     0 | D:1      | qw the Tengu Warper began the quest for the Orb.
     0 | D:1      | Reached XP level 1. HP: 12/12 MP: 4/4
     0 | D:1      | 0 ||| qw: Version: 0.1-a-89-g26bdef1
     0 | D:1      | 0 ||| qw: Game counter: 2020
     0 | D:1      | 0 ||| qw: Always use a shield: true
     0 | D:1      | 0 ||| qw: God list: Okawaru
     0 | D:1      | 0 ||| qw: Allow faded altars: false
     0 | D:1      | 0 ||| qw: Do Orc after D:15 true
     0 | D:1      | 0 ||| qw: Do second Lair branch before Depths: true
     0 | D:1      | 0 ||| qw: Lair rune preference: random
     0 | D:1      | 0 ||| qw: Plans: Normal
     0 | D:1      | 0 ||| PLANNING D:1-11
   259 | D:1      | Reached XP level 2. HP: 17/17 MP: 6/6
   264 | D:1      | Reached skill level 3 in Axes
   290 | D:1      | HP: 2/17 [hobgoblin (4)]
   799 | D:1      | 799 ||| Stepping ~*~*~tactically~*~*~ (stealth).
   800 | D:1      | 800 ||| Stepping ~*~*~tactically~*~*~ (stealth).
   829 | D:1      | 829 ||| Stepping ~*~*~tactically~*~*~ (stealth).
   830 | D:1      | 830 ||| Stepping ~*~*~tactically~*~*~ (stealth).
   845 | D:1      | 845 ||| Stepping ~*~*~tactically~*~*~ (stealth).
   939 | D:1      | Reached XP level 3. HP: 17/21 MP: 7/7
  1261 | D:1      | Found a faded altar of an unknown god.
  1304 | D:1      | 1304 ||| READING scroll labelled GYLOGOAWU.
  1308 | D:1      | 1308 ||| READING 3 scrolls labelled OHIOREVANE.
  1309 | D:1      | 1309 ||| READING 2 scrolls labelled CEIHUE ESUJOV.
  1436 | D:1      | 1436 ||| READING scroll labelled PEEQUFROIRI.
  1437 | D:1      | 1437 ||| READING 2 scrolls of identify.
  1437 | D:1      | 1437 ||| IDENTIFYING gluggy blue potion
  1438 | D:1      | 1438 ||| DROPPING scroll of blinking.
  1439 | D:1      | 1439 ||| DROPPING potion of invisibility.
  1440 | D:1      | 1440 ||| DROPPING scroll of torment.
  1468 | D:2      | Reached skill level 4 in Axes
  1590 | D:2      | 1590 ||| Stepping ~*~*~tactically~*~*~ (stealth).
  1591 | D:2      | 1591 ||| Stepping ~*~*~tactically~*~*~ (stealth).
  1593 | D:2      | 1593 ||| Stepping ~*~*~tactically~*~*~ (stealth).
  1631 | D:2      | Identified the +8 dagger of Recklessness {venom, Fragile
                  | Fly rN+ Dex+5}
  1681 | D:2      | 1681 ||| Stepping ~*~*~tactically~*~*~ (hiding).
  1729 | D:2      | 1729 ||| FLEEEEING.
  1730 | D:2      | 1730 ||| FLEEEEING.
  1736 | D:2      | 1736 ||| FLEEEEING.
  1737 | D:2      | 1737 ||| FLEEEEING.
  1738 | D:2      | 1738 ||| FLEEEEING.
  1744 | D:2      | 1744 ||| STAIRDANCE
  1804 | D:1      | 1804 ||| READING scroll labelled ZEDEURCHUAJ.
  1805 | D:1      | 1805 ||| DRINKING 2 cyan potions.
  1813 | D:2      | 1813 ||| STAIRDANCE
  1920 | D:2      | Reached XP level 4. HP: 25/26 MP: 8/8
  1956 | D:2      | 1956 ||| Stepping ~*~*~tactically~*~*~ (stealth).
  1957 | D:2      | 1957 ||| Stepping ~*~*~tactically~*~*~ (stealth).
  1997 | D:2      | 1997 ||| Stepping ~*~*~tactically~*~*~ (stealth).
  2030 | D:2      | 2030 ||| Stepping ~*~*~tactically~*~*~ (stealth).
  2280 | D:2      | Noticed Sigmund
  2281 | D:2      | 2281 ||| Stepping ~*~*~tactically~*~*~ (hiding).
  2383 | D:2      | 2383 ||| Stepping ~*~*~tactically~*~*~ (hiding).
  2386 | D:2      | 2386 ||| DRINKING potion of curing.
  2386 | D:2      | 2386 ||| (to cure confusion)
  2393 | D:2      | Killed Sigmund
  2394 | D:2      | Reached skill level 6 in Axes
  2394 | D:2      | Gained mutation: Your magical nature lets you fly swiftly
                  | and evasively. [Tengu growth]
  2394 | D:2      | Reached XP level 5. HP: 27/30 MP: 9/9
  2422 | D:2      | Reached XP level 6. HP: 35/35 MP: 10/10
  2569 | D:2      | 2569 ||| READING 3 scrolls labelled WAES GAEFIAX.
  2570 | D:2      | 2570 ||| DRINKING 2 puce potions.
  2571 | D:2      | 2571 ||| DROPPING potion of attraction.
  2572 | D:2      | 2572 ||| DROPPING 2 scrolls of immolation.
  3172 | D:3      | 3172 ||| Stepping ~*~*~tactically~*~*~ (stealth).
  3174 | D:3      | 3174 ||| Stepping ~*~*~tactically~*~*~ (stealth).
  3221 | D:3      | HP: 6/35 [iguana (10)]
  3225 | D:3      | Reached skill level 7 in Axes
  4008 | D:3      | 4008 ||| UPGRADING to +0 plate armour.
  4018 | D:3      | 4018 ||| DROPPING +0 leather armour.
  4019 | D:3      | 4019 ||| UPGRADING to +1 hat.
  4024 | D:3      | 4024 ||| DROPPING ring of wizardry.
  4025 | D:3      | 4025 ||| UPGRADING to ring of protection from fire.
  4026 | D:3      | 4026 ||| READING 4 scrolls labelled RUASU ZOIGOKI.
  4027 | D:3      | 4027 ||| READING 3 scrolls of enchant armour.
  4027 | D:3      | 4027 ||| ENCHANTING +1 hat.
  4028 | D:3      | 4028 ||| READING 2 scrolls of enchant armour.
  4028 | D:3      | 4028 ||| ENCHANTING +0 plate armour.
  4029 | D:3      | 4029 ||| READING scroll of enchant armour.
  4029 | D:3      | 4029 ||| ENCHANTING +1 plate armour.
  4030 | D:3      | 4030 ||| READING scroll labelled MEXYITO ETWIE.
  4031 | D:3      | 4031 ||| DRINKING 3 emerald potions.
  4032 | D:3      | 4032 ||| DRINKING 2 glowing blue potions.
  4033 | D:3      | 4033 ||| DROPPING potion of flight.
  4086 | D:4      | 4086 ||| PLANNING SEWER
  4091 | D:4      | Found an iron altar of Okawaru.
  4103 | D:4      | Became a worshipper of Warmaster Okawaru
  4426 | D:4      | Found a snail-covered altar of Cheibriados.
  4513 | D:4      | Found a glowing drain.
  4514 | D:4      | 4514 ||| READING scroll labelled DITES LOIXI.
  4515 | D:4      | 4515 ||| READING 4 scrolls of identify.
  4515 | D:4      | 4515 ||| IDENTIFYING murky black potion
  4516 | D:4      | 4516 ||| READING 3 scrolls of identify.
  4516 | D:4      | 4516 ||| IDENTIFYING dark potion
  4517 | D:4      | 4517 ||| READING 2 scrolls of identify.
  4517 | D:4      | 4517 ||| IDENTIFYING red potion
  4518 | D:4      | 4518 ||| DROPPING potion of ambrosia.
  4524 | Sewer    | Entered a sewer
  4577 | Sewer    | Noticed a water moccasin
  4588 | Sewer    | Killed a water moccasin
  4589 | Sewer    | Reached skill level 3 in Fighting
  4589 | Sewer    | Reached XP level 7. HP: 25/42 MP: 11/11
  4819 | Sewer    | 4819 ||| UPGRADING to +0 buckler.
  4824 | Sewer    | 4824 ||| DRINKING 2 fuming white potions.
  4825 | Sewer    | 4825 ||| DROPPING potion of brilliance.
  4843 | D:4      | 4843 ||| PLANNING D:1-11
  4946 | D:5      | Entered Level 5 of the Dungeon
  4997 | D:5      | 4997 ||| Stepping ~*~*~tactically~*~*~ (stealth).
  4998 | D:5      | 4998 ||| Stepping ~*~*~tactically~*~*~ (stealth).
  5012 | D:5      | Reached skill level 1 in Shields
  5013 | D:5      | 5013 ||| Stepping ~*~*~tactically~*~*~ (stealth).
  5014 | D:5      | 5014 ||| Stepping ~*~*~tactically~*~*~ (stealth).
  5015 | D:5      | 5015 ||| Stepping ~*~*~tactically~*~*~ (stealth).
  5029 | D:5      | Reached skill level 3 in Armour
  5081 | D:5      | Noticed Ijyb
  5082 | D:5      | 5082 ||| FLEEEEING.
  5083 | D:5      | 5083 ||| FLEEEEING.
  5084 | D:5      | 5084 ||| FLEEEEING.
  5085 | D:5      | 5085 ||| Stepping ~*~*~tactically~*~*~ (stealth).
  5086 | D:5      | 5086 ||| FLEEEEING.
  5088 | D:5      | 5088 ||| Stepping ~*~*~tactically~*~*~ (stealth).
  5102 | D:5      | Killed Ijyb
  5305 | D:5      | Reached * piety under Okawaru
  5682 | D:5      | Reached skill level 1 in Invocations
  5682 | D:5      | Reached XP level 8. HP: 48/48 MP: 12/12
  5786 | D:5      | 5786 ||| UPGRADING to ring of resist corrosion.
  5787 | D:5      | 5787 ||| READING scroll labelled TIT VICOHIMP.
  5788 | D:5      | 5788 ||| READING scroll labelled IDEXIH YSMOCETT.
  5789 | D:5      | 5789 ||| READING scroll labelled XOWAJA DAWAU.
  5790 | D:5      | 5790 ||| Stepping randomly (stuck).
  5791 | D:5      | 5791 ||| Stepping ~*~*~tactically~*~*~ (cloud).
  5945 | D:6      | 5945 ||| PLANNING OSSUARY
  5973 | D:6      | Reached skill level 8 in Axes
  6022 | D:6      | 6022 ||| INVOKING Heroism.
  6031 | D:6      | HP: 12/48 [gnoll sergeant/+5 spear of freezing (3)]
  6032 | D:6      | 6032 ||| DRINKING 3 potions of heal wounds.
  6039 | D:6      | HP: 12/48 [poisoned by a gnoll]
  6040 | D:6      | 6040 ||| DRINKING 2 potions of heal wounds.
  6042 | D:6      | 6042 ||| INVOKING Heroism.
  6043 | D:6      | 6043 ||| INVOKING Heroism.
  6046 | D:6      | HP: 3/48 [gnoll sergeant/+5 spear of freezing (14)]
  6046 | D:6      | Slain by a gnoll sergeant

Levels and vault maps discovered:
D:1:      lemuel_arrival_room, layout_basic,
          shapermc_ecumenical_altar_mp_vishouse, st_stairs_11,
          corexii_hall_statues_x
D:2:      layout_rooms, minmay_3d_cube, uniq_sigmund
D:3:      layout_basic
D:4:      layout_rooms, mainiacjoe_overflow_brackets, old_standard_altar,
          serial_rivers, chequers_serial_rivers_micro_e,
          chequers_serial_rivers_small_3, chequers_serial_rivers_small_a,
          chequers_serial_rivers_micro_c, lightli_sewer_entry_pipes
D:5:      layout_rooms, uniq_ijyb
D:6:      layout_rooms, makhleb_heckhound_becter, minmay_temple_entry_trees,
          enter_ossuary_4, serial_shops, nicolae_shop_crystal

Skill      XL: |  1  2  3  4  5  6  7  8 |
---------------+-------------------------+-----
Axes           | 3 4 6 7 8 |  8.3
Armour         | 2 3 |  3.0
Fighting       | 3 |  3.6
Shields        | 2 |  2.7
Invocations    | 1 2 |  2.5
Throwing       | |  1.0
Dodging        | |  2.1
Spellcasting   | |  2.0
Translocations | |  2.4

Action                   |  1- 3 |  4- 6 |  7- 9 || total
-------------------------+-------+-------+-------++-------
Melee: Hand axe          |    99 |   125 |    93 ||   317
       Kick              |    23 |    39 |    26 ||    88
       Peck              |    12 |    24 |    17 ||    53
       Unarmed           |       |       |    22 ||    22
Throw: Boomerang         |     7 |       |       ||     7
Invok: Heroism           |       |       |     2 ||     2
  Use: Scroll            |     6 |    10 |     3 ||    19
       Potion            |     1 |     4 |     3 ||     8
Armor: Leather armour    |    22 |     2 |       ||    24
       Plate armour      |       |    32 |    48 ||    80
       Skin              |       |       |    10 ||    10
Dodge: Dodged            |    55 |    49 |    66 ||   170
Block: Buckler           |       |       |    20 ||    20

Table legend:
 A = Non-vault XP
 B = Vault XP
 C = Vault XP percentage of total XP
 D = Non-vault monster count
 E = Vault monster count
 F = Vault count percentage of total count
                 A         B        C        D         E       F
            +---------+---------+-------+---------+---------+-------
      Total |    1080 |     474 |  30.5 |      75 |      18 |  19.4
            +---------+---------+-------+---------+---------+-------
        D:1 |      37 |       6 |  14.0 |      22 |       3 |  12.0
        D:2 |      62 |     224 |  78.3 |      22 |       5 |  18.5
        D:3 |      63 |       0 |   0.0 |      10 |       0 |   0.0
        D:4 |      89 |      53 |  37.3 |       5 |       6 |  54.5
        D:5 |     542 |      36 |   6.2 |       9 |       1 |  10.0
        D:6 |     287 |       0 |   0.0 |       7 |       0 |   0.0
      Sewer |       0 |     155 | 100.0 |       0 |       3 | 100.0
            +---------+---------+-------+---------+---------+-------
